 Dungeon Crawl Stone Soup version 0.27-a0-1245-g940ed4fa31 (webtiles) character file.

Game seed: 5674337646426802930

104 polve the Cutter (level 4, -4/35 HPs)
             Began as a Demonspawn Abyssal Knight on June 9, 2021.
             Was a Believer of Lugonu.
             Killed from afar by Natasha (7 damage)
             ... with a magic dart
             ... on level 3 of the Dungeon.
             The game lasted 00:02:28 (3588 turns).

polve the Cutter (Demonspawn Abyssal Knight)        Turns: 3588, Time: 00:02:28

Health: -4/35      AC:  0    Str: 14    XL:     4   Next: 52%
Magic:  5/5        EV: 18    Int: 13    God:    Lugonu [**....]
Gold:   127        SH:  4    Dex: 17    Spells: 3/3 levels left

rFire    . . .     SeeInvis .   (weapon currently unavailable)
rCold    . . .     Faith    .   (shield currently unavailable)
rNeg     . . .     Spirit   .   (armour currently unavailable)
rPois    .         Reflect  .   (helmet currently unavailable)
rElec    .         Harm     .   (cloak currently unavailable)
rCorr    .         Rampage  .   (gloves currently unavailable)
Will     .....                  (boots currently unavailable)
Stlth    ++........             (no amulet)
HPRegen  0.11/turn              (ring currently unavailable)
MPRegen  0.09/turn              (ring currently unavailable)

@: bat-form, flying, slowed, quick
A: fast, flying, no casting, tiny, (large bone plates 1), condensation shield
a: Renounce Religion, Depart the Abyss, Bend Space


You were on level 3 of the Dungeon.
You worshipped Lugonu.
Lugonu was pleased with you.
You were a bat.
You visited 1 branch of the dungeon, and saw 3 of its levels.
You visited the Abyss 1 time.

You collected 127 gold pieces.

Inventory:

Hand Weapons
 a - a +1 short sword
 f - a +0 dagger of protection (melded)
Armour
 b - a +0 leather armour
 i - a +0 chain mail (melded)
 j - a +0 buckler (melded)
 s - a +0 helmet
Jewellery
 c - a ring of protection from fire (melded)
 m - a ring of protection from fire (melded)
 u - a ring of resist corrosion
Scrolls
 d - a scroll of teleportation {unknown}
 e - a scroll of brand weapon {unknown}
 g - a scroll of fear {unknown}
 h - a scroll of magic mapping {unknown}
 o - 2 scrolls of identify {unknown}
 q - a scroll of summoning {unknown}
 r - a scroll of fog {unknown}
 v - a scroll of enchant weapon {unknown}
Potions
 k - a potion of attraction {unknown}
 l - a potion of brilliance {unknown}
 n - a potion of degeneration {unknown}
 p - a potion of invisibility {unknown}
 t - 2 potions of cancellation {unknown}


   Skills:
 - Level 3.0 Fighting
 + Level 3.7 Short Blades
 - Level 1.7 Armour
 - Level 0.8 Dodging
 + Level 2.0 Shields
 - Level 2.4 Invocations


You had 3 spell levels left.
You didn't know any spells.
Your spell library contained the following spells:

 Spells                   Type           Power      Damage    Failure   Level
 Freeze                   Ice            0%         1d3       30%         1
 Frozen Ramparts          Ice            0%         1d2       67%         3
 Ozocubu's Armour         Ice            0%         N/A       67%         3
 Hailstorm                Conj/Ice       0%         3d3       97%         4
 Metabolic Englaciation   Hex/Ice        0%         N/A       100%        5


Dungeon Overview and Level Annotations

Branches:
Dungeon (3/15)

Altars:
Xom

Shops:
D:2 (   D:3 ?

Annotations:
D:3 Natasha


Innate Abilities, Weirdness & Mutations

You are a bat.
You are tiny and dextrous.
You move quickly.
You are flying.
Your equipment is almost entirely melded.
You are incapable of wielding weapons or throwing items.
You cannot cast spells.
((You are partially covered in large bone plates. (SH +4)))
A meltable shield of frost defends you. (SH +4)


Message History

You hit Natasha.
Natasha is severely wounded.
Natasha zaps a wand.
You turn into a bat.
Your +0 dagger of protection melds into your body.
Your +0 buckler melds into your body.
Your +0 chain mail melds into your body.
Your ring of protection from fire melds into your body. x2
Your +0 dagger of protection goes still.
Natasha mumbles some strange words.
You hit Natasha but do no damage.
Natasha is severely wounded.
Natasha casts a spell at you. The magic dart hits you!
The crimson imp closely misses you.
You are too injured to fight recklessly!
You are too injured to fight recklessly!
You are too injured to fight recklessly!
You are too injured to fight recklessly!
You are too injured to fight recklessly!
You hit Natasha.
Natasha is severely wounded.
Natasha stares at you and mumbles some strange words.
You resist with some effort. The crimson imp misses you.
Natasha stares at you and mumbles some strange words.
The magic dart hits you!
You hit Natasha.
Natasha is almost dead.
The crimson imp blinks!
Natasha zaps a wand.
You resist with some effort.
You hit Natasha but do no damage.
Natasha is almost dead.
Natasha claws you.
* * * LOW HITPOINT WARNING * * *
You barely miss Natasha.
Natasha is almost dead.
Natasha stares at you and mumbles some strange words.
The magic dart hits you!
* * * LOW HITPOINT WARNING * * *
You block the crimson imp's attack. Natasha casts a spell at you.
The magic dart hits you!
You die...

###### #######....##.♣
#.............♣ ####
##.#######.###.♣
#..###..# ### #.###.♣♣
#.......#######5.....♣
♣#♣.#.###.'.._.hb.......♣
....#.###.###.###§.##....
..♣.#...#.# #.# #..# ###
..#.###...###'###.##
♣.♣.# ###.........# #...#
##†.##..### ###.# ..#
..#.###....... .♣......#
#....


You could see Natasha and a crimson imp (summoned).

Vanquished Creatures
  Natasha (D:3)
  2 worms (D:2)
  A dart slug (D:1)
  An orc (D:3)
  A ball python (D:3)
  7 bats
  7 endoplasms
  5 giant cockroaches
  5 goblins
  5 hobgoblins
  3 jackals (D:1)
  2 quokkas
  2 frilled lizards
  13 kobolds
  7 rats
62 creatures vanquished.

Vanquished Creatures (others)
  5 plants (D:3)
  4 starspawn tentacles (Abyss:1)
9 creatures vanquished.

Grand Total: 71 creatures vanquished

Notes
Turn   | Place    | Note
-------+----------+-------------------------------------------
     0 | Abyss:1  | polve the Demonspawn Abyssal Knight began the quest for the
                  | Orb.
     0 | Abyss:1  | Reached XP level 1. HP: 18/18 MP: 2/2
    74 | Abyss:1  | Noticed a tentacled starspawn
    91 | Abyss:1  | Noticed a purple very ugly thing
   113 | D:1      | Escaped the Abyss
   246 | D:1      | Reached * piety under Lugonu
   417 | D:1      | Gained mutation: A meltable shield of frost defends you.
                  | (SH +4) [demonic ancestry]
   417 | D:1      | Reached XP level 2. HP: 21/24 MP: 3/3
  1451 | D:1      | Gained mutation: You are partially covered in large bone
                  | plates. (SH +4) [demonic ancestry]
  1451 | D:1      | Reached XP level 3. HP: 18/29 MP: 4/4
  1865 | D:2      | Found Tuod's Weapon Emporium.
  1940 | D:2      | Reached skill level 1 in Shields
  2040 | D:2      | Found a faded altar of an unknown god.
  2093 | D:2      | Reached ** piety under Lugonu
  2820 | D:2      | Reached XP level 4. HP: 20/35 MP: 5/5
  3234 | D:3      | Found Ezaxasir's Magic Scroll Shoppe.
  3238 | D:3      | Noticed Natasha
  3257 | D:3      | Killed Natasha
  3525 | D:3      | Found a shimmering altar of Xom.
  3552 | D:3      | Noticed Natasha
  3588 | D:3      | Killed from afar by Natasha

Illustrated notes

Levels and vault maps discovered:
D:1:      mrwooster_arrival_statue_3, layout_loops_cross, minmay_liquid_box,
          minmay_curled_crystal, minmay_split_cup_small
D:2:      cheibrodos_old_hovel, layout_basic,
          ebering_ecumenical_altar_abandoned, serial_shops, shop_fountains
D:3:      layout_rooms, lemuel_doored_altar, serial_shops, shop, serial_forest,
          infiniplex_forest_corner_1, infiniplex_forest_lined_room_,
          infiniplex_forest_clump_cross, infiniplex_forest_straight_2,
          infiniplex_forest_clump_C, infiniplex_forest_zigzag_2,
          infiniplex_forest_clump_long, infiniplex_forest_split,
          chequers_arboretum, minivault_14, uniq_natasha

Skill      XL: |  1  2  3  4 |
---------------+-------------+-----
Short Blades   | 2 3 |  3.7
Shields        | 1 2 |  2.0
Fighting       | |  3.0
Armour         | |  1.7
Dodging        | |  0.8
Invocations    | |  2.4

Action                   |  1- 3 |  4- 6 || total
-------------------------+-------+-------++-------
Melee: Short sword       |    49 |       ||    49
       Dagger            |   261 |   155 ||   416
       Unarmed           |       |     5 ||     5
Invok: Depart the Abyss  |     1 |       ||     1
Armor: Leather armour    |    25 |       ||    25
       Chain mail        |   136 |    46 ||   182
       Skin              |       |     6 ||     6
Dodge: Dodged            |    77 |    20 ||    97
Block: Buckler           |   128 |    67 ||   195
       Other             |    14 |     1 ||    15

Table legend: (Time is in decaauts)
 A = Elapsed time spent in this place.
 B = Non-inter-level travel time spent in this place.
 C = Inter-level travel time spent in this place.
 D = Time resting spent in this place.
 E = Time spent auto-exploring this place.
 F = Levels seen in this place.
 G = Mean time per level.
                   A        B        C        D        E       F      G
               +--------+--------+--------+--------+--------+-----+--------+
         Total |   3536 |   3435 |    101 |      0 |   2622 |   4 |  884.0 |
       Dungeon |   3423 |   3322 |    101 |      0 |   2549 |   3 | 1141.0 |
         Abyss |    113 |    113 |      0 |      0 |     73 |   1 |  113.0 |
               +--------+--------+--------+--------+--------+-----+--------+

Top non-repeatable levels by time:
     D:1: 1697 daAuts
     D:2: 1239 daAuts
     D:3: 486 daAuts
 Abyss:1: 113 daAuts
